 Dungeon Crawl Stone Soup version 0.16.1-12-gf5c4a84 (webtiles) character file.

390 RepoMan the Vexing (level 6, -6/41 HPs)
             Began as a Mummy Enchanter on Apr 9, 2015.
             Mangled by Duvessa
             ... wielding a +0 rapier
              (16 damage)
             ... on level 4 of the Dungeon.
             The game lasted 00:43:04 (4758 turns).

RepoMan the Vexing (Mummy Enchanter)                Turns: 4758, Time: 00:43:04

Health: -6/41      AC:  6    Str: 11    XL:     6   Next: 50%
Magic:  6/13       EV: 12    Int: 14    God:
Gold:   240        SH:  0    Dex: 14    Spells: 4 memorised, 2 levels left

rFire  x . .     SeeInvis .     t - +1 dagger (elec)
rCold  + . .     Clarity  +     b - +1 robe
rNeg   + + +     SustAb   .     (no shield)
rPois  ∞         Gourm    .     r - +0 helmet (curse)
rElec  .         Spirit   .     o - +0 cloak
rCorr  .         Warding  .     (no gloves)
rMut   .         Stasis   .     e - +0 pair of boots
MR     .....                    s - amulet of clarity
Stlth  +.........               l - ring of flight
                                (no ring)

@: very slightly contaminated, glowing, not resistant to hostile enchantments,
very unstealthy
A: no food or potions, fire vulnerability, restore body, cold resistance 1,
negative energy resistance 3, poison resistance, torment resistance, unbreathing
a: Evoke Flight


You were on level 4 of the Dungeon.
You were not hungry.

You visited 1 branch of the dungeon, and saw 5 of its levels.

You collected 240 gold pieces.

Inventory:

Hand weapons
 a - a +1 dagger
 t - a +1 dagger of electrocution (weapon)
Missiles
 j - 20 bolts
 q - 17 steel bolts
 u - 8 curare-tipped needles
Armour
 b - a +1 robe (worn)
 e - a +0 pair of boots (worn)
 o - a +0 cloak (worn)
 r - a cursed +0 helmet (worn)
Jewellery
 l - a ring of flight (right hand)
 s - an amulet of clarity (around neck)
Scrolls
 d - 6 scrolls of identify {unknown}
 f - 3 scrolls of teleportation {unknown}
 g - 3 scrolls of enchant armour {unknown}
 h - 2 scrolls of remove curse {unknown}
 i - a scroll of magic mapping {unknown}
 m - a scroll of fear {unknown}
 n - 2 scrolls of fog {unknown}
Books
 c - a book of Maledictions

   Spells                             Type                      Level
   a - Corona                         Hexes                        1
   b - Sure Blade                     Hexes/Charms                 2
   c - Ensorcelled Hibernation        Hexes/Ice                    2
   d - Confuse                        Hexes                        3
   e - Dazzling Spray                 Conjuration/Hexes            3
   f - Enslavement                    Hexes                        4
 p - a book of Death

   Spells                             Type                      Level
   a - Corpse Rot                     Necromancy                   2
   b - Sublimation of Blood           Necromancy                   2
   c - Agony                          Necromancy                   5
   d - Dispel Undead                  Necromancy                   5
   e - Excruciating Wounds            Charms/Necromancy            5
   f - Bolt of Draining               Conjuration/Necromancy       5


   Skills:
 * Level 3.2 Short Blades
 - Level 1.5 Dodging
 + Level 3.1 Stealth
 + Level 3.3 Spellcasting
 * Level 4.5 Hexes


You had 2 spell levels left.
You knew the following spells:

 Your Spells              Type           Power        Failure   Level  Hunger
a - Corona                Hex            ###....      3%          1    N/A
d - Dazzling Spray        Conj/Hex       #.......     24%         3    N/A
h - Confuse               Hex            ###.....     12%         3    N/A
s - Ensorcelled Hibernat  Hex/Ice        #.....       14%         2    N/A

Dungeon Overview and Level Annotations

Branches:
Dungeon (5/15)
 Temple: D:4-7

Altars:

Annotations:
D:2 Sigmund
D:4 Duvessa


Innate Abilities, Weirdness & Mutations

You do not eat or drink.
Your flesh is vulnerable to fire.
Your flesh is cold resistant.
You are immune to negative energy.
Your system is resistant to poisons.
You are immune to unholy pain and torment.
You can survive without breathing.


Message History

Duvessa is lightly wounded.
Duvessa is dazzled.
The kobold throws a stone.
The stone hits you but does no damage. Duvessa misses you.
The kobold throws a stone.
The stone barely misses you. Duvessa closely misses you.
There is a stone staircase leading up here.
Duvessa hits you with a rapier!
* * * LOW HITPOINT WARNING * * *
You climb upwards.
There is a stone staircase leading down here.
Casting: Dazzling Spray
Confirm with . or Enter, or press ? or * to list all spells.
Aiming: Confuse
Press: ? - help, Shift-Dir - straight line, f - Duvessa
Aim: Duvessa, wielding a rapier (lightly wounded, berserk, fast, unusually strong, blind, chance 28%)
You miscast Confuse.
You are very lightly contaminated with residual magic.
You feel off-balance for a moment. Duvessa closely misses you.
Duvessa hits you with a rapier!
You die...

## #...≈§...^ .# #§.≈≈§≈... .#
#..§≈≈≈... .# ##########
#...≈≈.... .###........####
#......... ...............##
#.........
.#..........##..###############''
)###......#.#.#.#.#.#.......# #..
.# #........%...@e...######.# #..
.# #####.##.#.#.#.#.## #.# ### ##
#†#%..........######.#
#.##.#.#.#.#.#.......#####
##.#...........####........
#..##.#.#.#.#.## ##...####
#.##...........## ##..####
#.###.#.#.#.#.#.# ###....).
#.##............###....####


You could see Duvessa (berserk).

Vanquished Creatures
  A wyvern zombie (D:4)
  Dowan (D:5)
  4 orc wizards
  Terence (D:3)
  4 adders
  6 gnolls
  A giant mite (D:3)
  2 adder skeletons
  4 giant geckos
  6 orcs
  2 ball pythons
  A bat skeleton (D:4)
  7 giant cockroaches
  7 hobgoblins
  3 jackals (D:4)
  14 kobolds
  A quokka (D:4)
  10 bats
  A giant gecko skeleton (D:4)
  2 giant newts
  11 goblins
  5 rats
94 creatures vanquished.

Notes
Turn   | Place    | Note
--------------------------------------------------------------
     0 | D:1      | RepoMan, the Mummy Enchanter, began the quest for the Orb.
     0 | D:1      | Reached XP level 1. HP: 13/13 MP: 3/3
    77 | D:1      | Reached skill level 1 in Short Blades
   294 | D:1      | Reached XP level 2. HP: 19/19 MP: 2/4
   299 | D:1      | Learned a level 2 spell: Ensorcelled Hibernation
   553 | D:1      | Reached skill level 3 in Hexes
  1642 | D:2      | Reached XP level 3. HP: 11/24 MP: 3/6
  1790 | D:2      | Learned a level 3 spell: Confuse
  2130 | D:2      | Noticed Sigmund
  2240 | D:3      | Noticed Terence
  2495 | D:3      | Reached XP level 4. HP: 30/30 MP: 5/8
  2588 | D:3      | Killed Terence
  2814 | D:3      | Reached XP level 5. HP: 26/35 MP: 3/9
  4053 | D:4      | Reached skill level 4 in Hexes
  4334 | D:4      | Reached XP level 6. HP: 41/41 MP: 4/13
  4488 | D:4      | Learned a level 3 spell: Dazzling Spray
  4746 | D:5      | Entered Level 5 of the Dungeon
  4746 | D:5      | Noticed Duvessa
  4746 | D:5      | Noticed Dowan
  4751 | D:5      | Killed Dowan
  4758 | D:4      | Mangled by Duvessa

Action                   |  1- 3 |  4- 6 || total
-------------------------+-------+-------++-------
Melee: Dagger            |   122 |   167 ||   289
Throw: Throwing net      |       |     3 ||     3
 Cast: Corona            |    25 |    37 ||    62
       Ensorcelled Hiber |    10 |    34 ||    44
       Confuse           |     1 |     1 ||     2
       Dazzling Spray    |       |     1 ||     1
 Stab: Sleeping          |    11 |    25 ||    36
       Confused          |       |     2 ||     2
       Distracted        |       |     1 ||     1
